 Dungeon Crawl Stone Soup version 0.19-a0-599-g723c685 (webtiles) character file.

506 mopl the Ruffian (level 7, -3/57 HPs)
             Began as a Naga Transmuter on June 11, 2016.
             Was a Follower of Cheibriados.
             Slain by an ice beast (14 damage)
             ... on level 5 of the Dungeon.
             The game lasted 00:05:56 (3903 turns).

mopl the Ruffian (Naga Transmuter)                  Turns: 3903, Time: 00:05:57

Health: -3/57      AC:  2    Str: 18    XL:     7   Next: 18%
Magic:  17/19      EV: 19    Int: 16    God:    Cheibriados [*.....]
Gold:   369        SH:  0    Dex: 19    Spells: 3 memorised, 4 levels left

rFire  . . .     SeeInvis +       - Unarmed
rCold  . . .     Gourm    .     (armour currently unavailable)
rNeg   . . .     Faith    .     (shield currently unavailable)
rPois  x         Spirit   .     (helmet currently unavailable)
rElec  .         Dismiss  .     (cloak currently unavailable)
rCorr  .         Reflect  .     (gloves currently unavailable)
SustAt .         Harm     .     (no barding)
MR     .....                    (no amulet)
Stlth  +++.......               G - ring of magical power
                                i - ring of stealth

@: spider-form (expiring), very slow, not resistant to hostile enchantments,
fairly stealthy
A: see invisible, (deformed body), (poison resistance), (slowness 0), slow
metabolism 1, spit poison 2, AC +2
a: Spit Poison, End Transformation, Bend Time, Renounce Religion


You were on level 5 of the Dungeon.
You worshipped Cheibriados.
Cheibriados was aware of your devotion.
You were not hungry.
You were a venomous arachnid creature.
You visited 1 branch of the dungeon, and saw 5 of its levels.

You collected 369 gold pieces.

Inventory:

Missiles
 a - 73 arrows
 l - 4 tomahawks of returning (quivered)
 q - 24 poisoned needles
Armour
 b - a +0 robe (melded)
 y - a +0 pair of gloves (melded)
Magical Staves
 C - an uncursed staff of poison {!a}
Jewellery
 i - a ring of stealth (left front leg)
 G - a ring of magical power (right front leg)
Scrolls
 e - a scroll of teleportation
 g - 2 scrolls of remove curse
 k - a scroll of noise {unknown}
 n - a scroll of fog {unknown}
 t - a scroll of amnesia {unknown}
 u - 3 scrolls of enchant weapon
 w - a scroll of magic mapping {unknown}
 x - 2 scrolls of recharging {unknown}
 z - 2 scrolls of identify {unknown}
Potions
 h - a potion of lignification {unknown}
 j - a potion of agility {unknown}
 m - a potion of magic {unknown}
 o - a potion of curing {unknown}
 v - 2 potions of mutation {unknown}
 A - a potion of cure mutation {unknown}
 D - a potion of degeneration {unknown}
 E - a potion of beneficial mutation {unknown}
Books
 c - a book of Changes

   Spells                             Type                      Level
   a - Beastly Appendage              Transmutation                1
   b - Sticks to Snakes               Transmutation                2
   c - Spider Form                    Transmutation/Poison         3
   d - Ice Form                       Ice/Transmutation            4
   e - Blade Hands                    Transmutation                5
 p - a book of Fire

   Spells                             Type                      Level
   a - Ignite Poison                  Fire/Transmutation/Poison    3
   b - Fireball                       Conjuration/Fire             5
   c - Bolt of Fire                   Conjuration/Fire             6
   d - Delayed Fireball               Conjuration/Fire             7
   e - Ring of Flames                 Charms/Fire                  7
 s - a book of Envenomations

   Spells                             Type                      Level
   a - Spider Form                    Transmutation/Poison         3
   b - Olgreb's Toxic Radiance        Poison                       4
   c - Alistair's Intoxication        Transmutation/Poison         5
   d - Poisonous Cloud                Conjuration/Poison/Air       6
 F - a book of Air

   Spells                             Type                      Level
   a - Shock                          Conjuration/Air              1
   b - Swiftness                      Charms/Air                   2
   c - Repel Missiles                 Charms/Air                   2
   d - Static Discharge               Conjuration/Air              3
   e - Lightning Bolt                 Conjuration/Air              5
Comestibles
 d - 2 bread rations
 f - a slice of pizza
 r - a beef jerky
 B - a meat ration
 H - 9 chunks of flesh


   Skills:
 - Level 1.0 Fighting
 - Level 1.5 Dodging
 * Level 6.6 Unarmed Combat
 - Level 2.0 Spellcasting
 + Level 4.3 Transmutations
 - Level 2.0 Poison Magic


You had 4 spell levels left.
You knew the following spells:

 Your Spells              Type           Power        Failure   Level  Hunger
a - Beastly Appendage     Tmut           ###...       14%         1    #......
b - Spider Form           Tmut/Pois      ##........   36%         3    ###....
w - Sticks to Snakes      Tmut           ###.....     21%         2    ###....


Dungeon Overview and Level Annotations

Branches:
Dungeon (5/15)
 Temple: D:4-7

Altars:
Cheibriados
Fedhas
Kikubaaqudgha
Pakellas
Uskayaw
Yredelemnul
Zin

Shops:
D:3 *   D:4 }


Innate Abilities, Weirdness & Mutations

You cannot wear boots.
((Your serpentine skin is tough. (AC +2)))
You have supernaturally acute eyesight. (SInv)
((Armour fits poorly on your strangely shaped body.))
((Your system is resistant to poisons. (rPois)))
((You cover ground very slowly.))
You have a slow metabolism.
You can spit poison.


Message History

The ice beast is moderately wounded.
The ice beast hits you. The ice beast freezes you!
You are too injured to fight recklessly!
You are too injured to fight recklessly!
You hit the ice beast but do no damage.
The ice beast is moderately wounded.
The ice beast hits you. The ice beast freezes you!
* * * LOW HITPOINT WARNING * * *
You hit the ice beast but do no damage.
The ice beast is moderately wounded.
You bite the ice beast!
The ice beast is heavily wounded.
Your transformation is almost over.
The ice beast misses you.
You hit the ice beast but do no damage.
The ice beast is heavily wounded.
The ice beast hits you.
* * * LOW HITPOINT WARNING * * *
The ice beast freezes you!
You die...

#..# ### #...
..# #..###.#
#.......
#...##.#
##...##Y#
+....##s#
...###รท.##.#
..........#.#
....####..#.#
....####..#.#
.h..........#
.......##.>##
...###.#<...#
. #.#....#


You could see an ice beast.

Vanquished Creatures
  An ogre (D:4)
  A water moccasin zombie (D:4)
  2 howler monkeys (D:4)
  A crimson imp (D:5)
  4 hounds
  A worker ant (D:4)
  3 adders (D:3)
  An adder skeleton (D:5)
  A worm (D:2)
  2 dart slugs
  5 giant geckos
  7 orcs
  8 bats
  3 giant cockroaches
  2 gnoll zombies (D:2)
  9 goblins
  A hobgoblin (D:1)
  2 jackals (D:5)
  4 quokkas
  2 ball pythons (D:3)
  9 kobolds
  A quokka skeleton (D:5)
  9 rats
79 creatures vanquished.

Notes
Turn   | Place    | Note
--------------------------------------------------------------
     0 | D:1      | mopl the Naga Transmuter began the quest for the Orb.
     0 | D:1      | Reached XP level 1. HP: 18/18 MP: 3/3
    78 | D:1      | Reached XP level 2. HP: 14/25 MP: 1/5
   243 | D:1      | Learned a level 2 spell: Sticks to Snakes
   726 | D:2      | Reached XP level 3. HP: 31/31 MP: 6/6
   731 | D:2      | Learned a level 3 spell: Spider Form
   980 | D:2      | Found a blossoming altar of Fedhas.
   982 | D:2      | Found an ancient bone altar of Kikubaaqudgha.
  1257 | D:2      | Reached skill level 4 in Unarmed Combat
  1624 | D:2      | Found a basalt altar of Yredelemnul.
  1936 | D:3      | Reached skill level 1 in Poison Magic
  1945 | D:3      | Reached XP level 4. HP: 29/38 MP: 5/7
  2224 | D:3      | Found a snail-covered altar of Cheibriados.
  2230 | D:3      | Became a worshipper of Cheibriados the Contemplative
  2283 | D:3      | Found a faded altar of an unknown god.
  2348 | D:3      | Reached skill level 2 in Poison Magic
  2367 | D:3      | Reached XP level 5. HP: 40/44 MP: 8/8
  2459 | D:3      | Reached skill level 3 in Transmutations
  2510 | D:3      | Found a glowing silver altar of Zin.
  2512 | D:3      | Found Zin's Purification Station.
  2737 | D:3      | Reached * piety under Cheibriados
  3095 | D:4      | Reached skill level 5 in Unarmed Combat
  3431 | D:4      | Reached XP level 6. HP: 47/51 MP: 2/9
  3527 | D:4      | Found a hide-covered altar of Uskayaw.
  3532 | D:4      | Reached skill level 6 in Unarmed Combat
  3736 | D:4      | Found an oddly glowing altar of Pakellas.
  3736 | D:4      | Found Pakellas's Prime Provisions.
  3763 | D:4      | Reached skill level 4 in Transmutations
  3777 | D:4      | Reached XP level 7. HP: 52/57 MP: 10/10
  3853 | D:5      | Entered Level 5 of the Dungeon
  3903 | D:5      | Slain by an ice beast

Vault maps used:
D:1:      dpeg_arrival_houses_and_road
D:2:      grunt_temple_overflow_growth_and_decay,
          lemuel_zombie_altar_yredelemnul
D:3:      zin_purify, cheibriados_altar_1, ecumenical_altar_2, serial_forest,
          infiniplex_forest_straight_3, infiniplex_forest_clump_tiny,
          infiniplex_forest_lined_corner, infiniplex_forest_straight_2,
          infiniplex_forest_join, infiniplex_forest_clump_long,
          corexii_hall_statues_x
D:4:      johnstein_pakellas_shop, lemuel_crystal_altar,
          hangedman_abyss_or_decor_slice
D:5:      minmay_temple_entry_poolview, first_bread

Skill      XL: |  1  2  3  4  5  6 |
---------------+-------------------+-----
Unarmed Combat | 4 5 6 |  6.6
Poison Magic   | 1 2 |  2.0
Transmutations | 3 4 |  4.3
Fighting       | |  1.0
Dodging        | |  1.5
Spellcasting   | |  2.0

Action                   |  1- 3 |  4- 6 |  7- 9 || total
-------------------------+-------+-------+-------++-------
Melee: Unarmed           |    90 |   112 |    30 ||   232
       Headbutt          |     6 |       |       ||     6
       Punch             |     1 |     1 |       ||     2
 Cast: Beastly Appendage |    10 |       |       ||    10
       Spider Form       |     2 |     8 |     2 ||    12
       Sticks to Snakes  |     1 |     1 |       ||     2
 Abil: Spit Poison       |    11 |     1 |       ||    12
  Use: Scroll            |       |     3 |       ||     3
 Stab: Sleeping          |     6 |     8 |       ||    14
  Eat: Chunk             |     2 |     8 |       ||    10
Armor: Robe              |    12 |    18 |       ||    30
       Skin              |       |     3 |     1 ||     4
Dodge: Dodged            |    46 |    76 |    39 ||   161
